 Dungeon Crawl Stone Soup version 0.29.1-2-gbd0b4ee654 (webtiles) character file.

Game seed: 225980230635646104

786 boopmooplesden the Twirler (level 7, -6/60 HPs)
             Began as a Minotaur Gladiator on Nov 29, 2022.
             Was an Initiate of Trog.
             Mangled by Prince Ribbit (10 damage)
             ... on level 5 of the Dungeon.
             The game lasted 00:08:41 (5428 turns).

boopmooplesden the Twirler (Minotaur Gladiator)     Turns: 5428, Time: 00:08:42

Health: -6/60      AC: 10    Str: 22    XL:     7   Next: 56%
Magic:  15/15      EV: 10    Int:  9    God:    Trog [......]
Gold:   265        SH:  5    Dex: 22    Spells: 6/6 levels left

rFire   . . .      SeeInvis +   a - +0 quarterstaff
rCold   + . .      Faith    .   (shield currently unavailable)
rNeg    . . .      Spirit   .   n - +0 chain mail
rPois   +          Reflect  +   (helmet unavailable)
rElec   .          Harm     .   (no cloak)
rCorr   .          Rampage  .   l - +0 pair of gloves
Will    .....                   (no boots)
Stlth   ..........              m - amulet of reflection
HPRegen 0.20/turn               u - ring "Epsolit" {rPois MP+9 Dex+4 SInv}
MPRegen 0.14/turn               q - ring "Efymargho" {rC+ Str+2 Int+4 Dex+6 Stlth-}

@: flying
A: horns 3, retaliatory headbutt
a: Renounce Religion


You were on level 5 of the Dungeon.
You worshipped Trog.
Trog was noncommittal.
You visited 2 branches of the dungeon, and saw 6 of its levels.

You collected 265 gold pieces.

Inventory:

Hand Weapons
 a - a +0 quarterstaff (weapon)
Missiles
 d - 5 throwing nets (quivered)
 e - a javelin
Armour
 b - a +0 leather armour
 c - a +1 hat
 l - a +0 pair of gloves (worn)
 n - a +0 chain mail (worn)
Jewellery
 h - a ring of resist corrosion
 m - an amulet of reflection (around neck)
 q - the ring "Efymargho" (right hand) {rC+ Str+2 Int+4 Dex+6 Stlth-}
   (You found it on level 3 of the Dungeon)

   [ring of dexterity]

   Str:       It affects your strength (+2).
   Int:       It affects your intelligence (+4).
   Dex:       It affects your dexterity (+6).
   rC:        It protects you from cold.
   Stlth:     It makes you less stealthy.
 u - the ring "Epsolit" (left hand) {rPois MP+9 Dex+4 SInv}
   (You found it on level 4 of the Dungeon)

   [ring of magical power]

   Dex:       It affects your dexterity (+4).
   rPois:     It protects you from poison.
   MP:        It affects your magic capacity (+9).
   SInv:      It lets you see invisible.
 x - a +6 ring of strength
Wands
 w - a wand of charming (6)
Scrolls
 i - a scroll of magic mapping
 j - 2 scrolls of identify
 y - a scroll of poison {unknown}
Potions
 f - a potion of degeneration
 g - a potion of brilliance
 k - a potion of magic {unknown}
 r - a potion of attraction {unknown}
 s - a potion of mutation
 t - a potion of haste {unknown}
 v - a potion of flight


   Skills:
 + Level 4.6 Fighting
 + Level 7.7 Staves
 + Level 2.2 Throwing
 + Level 4.0 Armour
 + Level 4.5 Dodging
 + Level 0.7 Stealth
 + Level 2.2 Shields


You had 6 spell levels left.
You didn't know any spells.
Your spell library contained the following spells:

 Spells                   Type           Power      Damage    Failure   Level
 Magic Dart               Conj           0%         1d3       98%         1
 Searing Ray              Conj           0%         2d4       99%         2
 Ozocubu's Armour         Ice            0%         N/A       100%        3
 Fulminant Prism          Conj/Hex       0%         3d6       100%        4
 Metabolic Englaciation   Hex/Ice        0%         N/A       100%        5
 Simulacrum               Ice/Necr       0%         N/A       100%        6


Dungeon Overview and Level Annotations

Branches:
Dungeon (5/15)             Temple (1/1) D:4

Altars:
Ashenzari
Cheibriados
Dithmenos
Elyvilon
Fedhas
Gozag
Hepliaklqana
Kikubaaqudgha
Makhleb
Nemelex Xobeh
Okawaru
Qazlal
Ru
Sif Muna
Trog
Uskayaw
Vehumet
Wu Jian
Xom
Yredelemnul
Zin
The Shining One

Shops:
D:2 [(?[=

Annotations:
D:5 Prince Ribbit


Innate Abilities, Weirdness & Mutations

You have a pair of large horns on your head.
You reflexively headbutt those who attack you in melee.


Message History

* * * LOW HITPOINT WARNING * * *
Prince Ribbit barely misses you. The gnoll bouda closely misses you.
You barely miss Prince Ribbit. Your headbutt misses Prince Ribbit.
Prince Ribbit is severely wounded.
You block Prince Ribbit's attack.
The gnoll bouda hits you but does no damage.
You barely miss Prince Ribbit.
Prince Ribbit is heavily wounded.
Prince Ribbit hits you.
* * * LOW HITPOINT WARNING * * *
You completely miss Prince Ribbit. Your headbutt misses Prince Ribbit.
Prince Ribbit is heavily wounded.
Prince Ribbit barely misses you.
The gnoll bouda utters an invocation to its god.
The gnoll bouda is healed somewhat.
You sock the gnoll bouda!
You headbutt the gnoll bouda, but do no damage.
The gnoll bouda is almost dead.
The gnoll is no longer moving quickly.
Prince Ribbit hits you.
* * * LOW HITPOINT WARNING * * *
The gnoll bouda closely misses you. You furiously retaliate!
You headbutt the gnoll bouda!
You kill the gnoll bouda!
Trog accepts your kill.
Prince Ribbit croaks regally.
Prince Ribbit completely misses you.
Your Armour skill increases to level 4!
You feel better. The gnoll closely misses you. You furiously retaliate!
You headbutt the gnoll. Prince Ribbit hits you!
* * * LOW HITPOINT WARNING * * *
It was a potion of mutation.
You feel extremely strange. The horns on your head grow some more.
Your +1 hat falls away!
Prince Ribbit croaks regally.
Prince Ribbit misses you. You furiously retaliate!
You headbutt Prince Ribbit! You block the gnoll's attack.
The gnoll hits you but does no damage.
It was a potion of flight.
You feel very buoyant.
You fly up into the air.
Prince Ribbit hits you!
You die...

.#.### ..# #M#
...# #.# #.#
.#.# #.# #.#
##.# #.# ##.#
#.. ##.# #.#
##.# #.# #
#######.#####.#
#
....>...gg@F..#
#
#######.#######
#...##.#
#......#
#...#### ##.##
##.# #..# #.##


You could see Prince Ribbit and 2 gnolls.

Vanquished Creatures
  Grinder (D:3)
  Menkaure (D:5)
  A scorpion (D:4)
  A jelly (D:5)
  A gnoll bouda (D:5)
  Natasha (thrice) (D:3)
  Robin (D:3)
  6 gnolls
  7 adders
  A white imp (D:5)
  An ufetubus (D:4)
  3 worms
  4 dart slugs
  8 orcs
  3 ball pythons
  12 bats
  7 endoplasms
  3 giant cockroaches
  13 goblins
  9 hobgoblins
  5 quokkas
  9 frilled lizards
  7 kobolds
  5 rats
112 creatures vanquished.

Vanquished Creatures (others)
  A plant (D:2)
1 creature vanquished.

Grand Total: 113 creatures vanquished

Notes
Turn   | Place    | Note
-------+----------+-------------------------------------------
     0 | D:1      | boopmooplesden the Minotaur Gladiator began the quest for
                  | the Orb.
     0 | D:1      | Reached XP level 1. HP: 18/18 MP: 0/0
    66 | D:1      | Reached XP level 2. HP: 19/25 MP: 1/1
   285 | D:1      | Reached skill level 4 in Staves
   692 | D:2      | Found Nioqafir's Antique Weapon Shop.
   705 | D:2      | Reached XP level 3. HP: 21/30 MP: 2/2
   770 | D:2      | Found Ogoiw's Antique Armour Shop.
   868 | D:2      | Found Hutzesep's Magic Scroll Shoppe.
  1360 | D:2      | Found a faded altar of an unknown god.
  1374 | D:2      | Found Goinlusu's Antique Armour Emporium.
  1389 | D:2      | Reached skill level 1 in Armour
  1476 | D:2      | Found Myblod's Jewellery Shoppe.
  1676 | D:2      | Reached XP level 4. HP: 38/38 MP: 3/3
  2025 | D:3      | Noticed Natasha
  2028 | D:3      | Noticed Robin
  2042 | D:3      | Killed Robin
  2043 | D:3      | Reached skill level 5 in Staves
  2053 | D:3      | Killed Natasha
  2300 | D:3      | Noticed Natasha
  2312 | D:3      | Killed Natasha
  2313 | D:3      | Reached XP level 5. HP: 39/45 MP: 4/4
  2370 | D:3      | Found an opulent altar of Gozag.
  2586 | D:3      | Noticed Natasha
  2593 | D:3      | Killed Natasha
  2739 | D:3      | Identified the ring "Efymargho" {rC+ Str+2 Int+4 Dex+6
                  | Stlth-}
  2916 | D:3      | Reached skill level 1 in Shields
  3175 | D:3      | Noticed Grinder
  3181 | D:3      | Killed Grinder
  3182 | D:3      | Reached skill level 6 in Staves
  3182 | D:3      | Reached XP level 6. HP: 34/52 MP: 5/5
  3441 | D:3      | Identified the +1 robe of Purpose {rF- Int+3 Slay+5}
  3880 | D:4      | Found a staircase to the Ecumenical Temple.
  3886 | Temple   | Entered the Ecumenical Temple
  4061 | Temple   | Became a worshipper of Trog the Wrathful
  4199 | D:4      | Identified the ring "Epsolit" {rPois MP+9 Dex+4 SInv}
  4309 | D:4      | Reached skill level 7 in Staves
  4309 | D:4      | Reached XP level 7. HP: 59/59 MP: 6/6
  4600 | D:5      | Entered Level 5 of the Dungeon
  4820 | D:5      | Noticed Menkaure
  5222 | D:5      | Killed Menkaure
  5402 | D:5      | Noticed Prince Ribbit
  5427 | D:5      | Gained mutation: You have a pair of large horns on your
                  | head. [potion of mutation]
  5428 | D:5      | Mangled by Prince Ribbit

Illustrated notes

Levels and vault maps discovered:
D:1:      ncdulo_lavacross, layout_rooms
D:2:      layout_basic, serial_shops, nicolae_shop_overgrown_old_shop, shop,
          nicolae_shop_advertising_works [nicolae_subvault_shop_adworks], shop,
          shop, ebering_ecumenical_altar_mist
D:3:      layout_rooms, marbit_many_paths, serial_co_window_serial,
          co_window_corner_a, co_window_of_opportunity_a, co_window_paths_a,
          co_window_cross_1, co_window_paths_a, co_window_corner_a,
          co_window_paths_a, co_window_2corner, co_window_broadway_b,
          co_window_corner_b, co_window_corner_b, co_window_sun,
          glass_columns_a, minmay_cupped, uniq_grinder, uniq_natasha, uniq_robin
D:4:      layout_basic, minmay_temple_entry_fiery
D:5:      layout_loops_ring, uniq_menkaure, uniq_prince_ribbit1
Temple:   minmay_crystal_snake_temple

Skill      XL: |  1  2  3  4  5  6  7 |
---------------+----------------------+-----
Staves         | 4 5 6 7 |  7.7
Fighting       | 3 4 |  4.6
Armour         | 1 2 3 4 |  4.0
Dodging        | 4 |  4.5
Shields        | 1 2 |  2.2
Throwing       | |  2.2
Stealth        | |  0.7

Action                   |  1- 3 |  4- 6 |  7- 9 || total
-------------------------+-------+-------+-------++-------
Melee: Quarterstaff      |    73 |   132 |    45 ||   250
       Headbutt          |    18 |    24 |    11 ||    53
  Use: Scroll            |     3 |     4 |     2 ||     9
       Potion            |       |     2 |     6 ||     8
Armor: Leather armour    |    18 |    26 |       ||    44
       Chain mail        |       |    19 |    15 ||    34
Dodge: Dodged            |    47 |    78 |    22 ||   147
Block: Other             |     4 |    34 |     7 ||    45
